 Dungeon Crawl Stone Soup version 0.18.1-6-gd335043 (webtiles) character file.

74 st0uf the Skirmisher (level 4, -2/40 HPs)
             Began as a Draconian Fighter on May 16, 2016.
             Was a Follower of Makhleb.
             Slain by an adder (3 damage)
             ... on level 3 of the Dungeon.
             The game lasted 00:06:11 (2056 turns).

st0uf the Skirmisher (Draconian Fighter)            Turns: 2056, Time: 00:06:12

Health: -2/40      AC:  5    Str: 25    XL:     4   Next: 10%
Magic:  4/4        EV: 10    Int:  8    God:    Makhleb [*.....]
Gold:   81         SH:  9    Dex: 10    Spells: 0 memorised, 3 levels left

rFire  . . .     SeeInvis .     a - +0 flail
rCold  . . .     Gourm    .     (armour unavailable)
rNeg   . . .     Faith    .     b - +0 shield
rPois  .         Spirit   .     (helmet restricted)
rElec  .         Dismiss  .     (no cloak)
rCorr  .         Reflect  .     (no gloves)
SustAt .         Harm     .     (no boots)
MR     .....                    y - amulet of regeneration
Stlth  +.........               (no ring)
                                (no ring)

@: mighty, lethally poisoned (-2 -> -4), not resistant to hostile enchantments,
very unstealthy
A: unfitting armour, cold-blooded, AC +5
a: Renounce Religion


You were on level 3 of the Dungeon.
You worshipped Makhleb.
Makhleb was aware of your devotion.
You were not hungry.

You visited 1 branch of the dungeon, and saw 3 of its levels.

You collected 81 gold pieces.

Inventory:

Hand Weapons
 a - a +0 flail (weapon)
Missiles
 e - 3 tomahawks (quivered)
 n - 24 stones
Armour
 b - a +0 shield (worn)
Jewellery
 y - an amulet of regeneration (around neck)
Scrolls
 g - a scroll of teleportation {unknown}
 h - a scroll of enchant weapon {unknown}
 o - a scroll of random uselessness {unknown}
 q - 2 scrolls of fear {unknown}
 r - a scroll of noise {unknown}
 t - a scroll of enchant armour {unknown}
 u - a scroll of recharging {unknown}
 v - a scroll of identify {unknown}
Potions
 c - a potion of might
 f - 2 potions of heal wounds {unknown}
 i - a potion of invisibility {unknown}
 j - a potion of agility {unknown}
 k - a potion of brilliance {unknown}
 l - 2 potions of curing {unknown}
 p - a potion of lignification {unknown}
 s - 2 potions of mutation {unknown}
 w - a potion of cure mutation {unknown}
Comestibles
 d - 3 bread rations
 m - a beef jerky
 x - a meat ration


   Skills:
 + Level 3.8 Fighting
 + Level 2.4 Maces & Flails
 + Level 3.5 Dodging
 + Level 0.6 Stealth
 + Level 3.4 Shields


You had 3 spell levels left.
You didn't know any spells.

Dungeon Overview and Level Annotations

Branches:
Dungeon (3/15)

Altars:
Fedhas
Makhleb
Vehumet


Innate Abilities, Weirdness & Mutations

Your plain brown scales are hard (AC +5).
Your body does not fit into most forms of armour.
You are cold-blooded and may be slowed by cold attacks.


Message History

You feel sick. The adder bites you.
* * * LOW HITPOINT WARNING * * *
The adder barely misses you. The adder completely misses you.
The adder bites you.
* * * LOW HITPOINT WARNING * * *
You closely miss the adder.
Your tail-slap misses the adder.
The adder is severely wounded.
You feel sick. The adder bites you but does no damage.
You block the adder's attack. The adder bites you but does no damage.
Drink which item? (? for menu, Esc to quit)
You feel very mighty all of a sudden.
You feel sick. The adder bites you.
* * * LOW HITPOINT WARNING * * *
You block the adder's attack. The adder closely misses you.
You closely miss the adder.
The adder is severely wounded.
* * * LOW HITPOINT WARNING * * *
You feel sick. The adder barely misses you.
The adder bites you but does no damage. The adder bites you.
You die...

..# ..### #####
...<#########...#
#[####.....##...# #.#
#.....##...#
#.####..........#
#...............#
#########.......#######..
................@S.(.....
#+#######.###...#S...##..
.<..... #.# #...#....#
....... #.# #####....#
....... ..# #....#
....... #(# #....#
##....# ... .....#
......# .....# ##....#


You could see 2 adders.

Vanquished Creatures
  2 adders (D:2)
  An ooze (D:1)
  3 worms (D:2)
  A giant gecko (D:1)
  7 giant cockroaches
  6 goblins
  2 hobgoblins
  2 jackals (D:2)
  3 bats (D:1)
  5 giant newts
  4 kobolds
  8 rats
44 creatures vanquished.

Notes
Turn   | Place    | Note
--------------------------------------------------------------
     0 | D:1      | st0uf the Draconian Fighter began the quest for the Orb.
     0 | D:1      | Reached XP level 1. HP: 19/19 MP: 1/1
   124 | D:1      | Reached XP level 2. HP: 23/26 MP: 2/2
   715 | D:2      | Reached XP level 3. HP: 16/33 MP: 3/3
  1209 | D:2      | Found a faded altar to an unknown god.
  1218 | D:2      | Became a worshipper of Makhleb the Destroyer
  1218 | D:2      | Reached * piety under Makhleb
  1845 | D:2      | Reached XP level 4. HP: 37/40 MP: 4/4
  1859 | D:2      | Found a blossoming altar of Fedhas.
  1984 | D:3      | Found a radiant altar of Vehumet.
  2055 | D:3      | HP: 2/40 [adder (5)]
  2056 | D:3      | Slain by an adder

Skill      XL: |  1  2 |
---------------+-------+-----
Dodging        | 3 |  3.5
Fighting       | |  3.8
Maces & Flails | |  2.4
Stealth        | |  0.6
Shields        | |  3.4

Action                   |  1- 3 |  4- 6 || total
-------------------------+-------+-------++-------
Melee: Flail             |   156 |    20 ||   176
       Tailslap          |    14 |     5 ||    19
  Use: Potion            |       |     1 ||     1
 Stab: Sleeping          |     1 |       ||     1
  Eat: Chunk             |     2 |     2 ||     4
Armor: Skin              |    49 |     8 ||    57
Dodge: Dodged            |    65 |    12 ||    77
Block: Shield            |    60 |    15 ||    75
